 Dungeon Crawl Stone Soup version 0.13-b1-23-g6bc71ad (webtiles) character file.

38 Bloax the Skirmisher (level 2, 0/16 HPs)
             Began as a Gargoyle Skald on Oct 1, 2013.
             Slain by an adder (3 damage)
             ... on Level 2 of the Dungeon.
             The game lasted 00:02:03 (206 turns).

Bloax the Skirmisher (Gargoyle Skald)                Turns: 206, Time: 00:02:03

HP   0/16        AC  5     Str 15      XL: 2   Next: 66%
MP   1/5         EV 10     Int 12      God:
Gold 20          SH  0     Dex  9      Spells:  2 memorised,  2 levels left

Res.Fire  : . . .   See Invis. : .   a - +0 mace
Res.Cold  : . . .   Warding    : .   b - +0 leather armour
Life Prot.: + . .   Conserve   : .   (no shield)
Res.Poison: +       Res.Corr.  : .   (no helmet)
Res.Elec. : +       Clarity    : .   (no cloak)
Sust.Abil.: . .     Spirit.Shd : .   (no gloves)
Res.Mut.  : .       Stasis     : .   (no boots)
Res.Rott. : +       Flight     : .   (no amulet)
Saprovore : . . .                    (no ring)
                                     (no ring)

@: not resistant to hostile enchantments, very unstealthy
A: fangs 1, talons 2, life protection 1, electricity resistance, slow metabolism
1, unbreathing, petrification resistance, AC +2
a: no special abilities


You were on level 2 of the Dungeon.
You were not hungry.

You visited 1 branch of the dungeon, and saw 2 of its levels.


Innate Abilities, Weirdness & Mutations

You are resistant to torment.
You are immune to poison.
Your stone body is very resilient (AC +2).
You have very sharp teeth.
You have razor-sharp toenails.
You resist negative energy.
You are resistant to electric shocks.
You have a slow metabolism.
You can survive without breathing.
You are immune to petrification.


   Skills:
 + Level 2.9 Fighting
 - Level 2.1 Maces & Flails
 - Level 1.1 Armour
 - Level 0.7 Dodging
 * Level 1.4 Unarmed Combat
 - Level 2.0 Spellcasting
 + Level 2.7 Charms


You had 2 spell levels left.
You knew the following spells:

 Your Spells              Type           Power        Failure   Level  Hunger
a - Infusion              Chrm           #.....       12%         1    ##.....
b - Shroud of Golubria    Chrm/Tloc      #.........   28%         2    ###....


Dungeon Overview and Level Annotations

Branches:
Dungeon (2/27)

Altars:

Inventory:

Hand weapons
 a - a +0,+0 mace (weapon)
Armour
 b - a +0 leather armour (worn)
Comestibles
 d - a bread ration
Books
 c - a book of Battle

   Spells                             Type                      Level
   *Infusion                          Charms                       1
   *Shroud of Golubria                Charms/Translocation         2
   Song of Slaying                    Charms                       2
   Spectral Weapon                    Hexes/Charms                 3
   Regeneration                       Charms/Necromancy            3
   Song of Shielding                  Charms                       4

... .# #... .# #...
..#. #... ...
####...######.#
..............#
...........S=.#
............@.#
###.....######
#.###.# #. #.#
#.###.# #....<#
##...## # ##.##
###.####
####..#######.#......


You could see an adder.


Message History

The goblin hits you with a club.
* * * LOW HITPOINT WARNING * * *
You hit the goblin!
You kill the goblin!
Things that are here:
a club; a goblin corpse Unknown command.
You are feeling less magically infused.
Your attacks are no longer magically infused.
There is a stone staircase leading down here.
You climb downwards.
A goblin comes into view.
The goblin shouts!
Found a dwarven hand axe.
Found an escape hatch in the floor.
There is a stone staircase leading up here.
Casting: Infusion Your attacks are magically infused.
You hit the goblin.
The goblin is severely wounded.
The goblin hits you but does no damage.
You hit the goblin.
You kill the goblin!
You are feeling less magically infused.
Found a dwarven hand axe.
Your attacks are no longer magically infused.
Found a scroll labeled CHACOT QAYZ.
f - 2 scrolls labeled CHACOT QAYZ (gained 1)
Found an escape hatch in the ceiling.
There is an escape hatch in the ceiling here.
Found a moonstone ring.
An adder comes into view.
The adder moves out of view.
Casting: Infusion Your attacks are magically infused.
You hit the adder.
The adder is heavily wounded.
The adder bites you.
* * * LOW HITPOINT WARNING * * *
You hit the adder.
The adder is severely wounded.
The adder barely misses you. The adder bites you.
* * * LOW HITPOINT WARNING * * *
Unknown command.
You hit the adder.
The adder is almost dead.
The adder bites you but does no damage. The adder bites you.
* * * LOW HITPOINT WARNING * * *
Unknown command.
You thump the adder!
You kill the adder!
Unknown command.
An adder comes into view.
You aren't carrying any potions.
Read which item? (? for menu, Esc to quit)
As you read the scroll labeled CHACOT QAYZ, it crumbles to dust.
Your +0,+0 mace glows mottled indigo for a moment.
It was a scroll of random uselessness.
You are feeling less magically infused.
Read which item? (? for menu, Esc to quit)
As you read the scroll of random uselessness, it crumbles to dust.
The dust glows brilliant brown!
The adder misses you.
Unknown command.
Unknown command.
Read which item? (? for menu, Esc to quit)
As you read the scroll labeled TUULOL UVVUMIGE, it crumbles to dust.
You hear a loud clanging noise!
It was a scroll of noise.
You hear a shout!
The adder bites you but does no damage. The adder bites you.
You die...

Action                   || total
-------------------------++-------
Melee: Mace              ||    34
 Cast: Infusion          ||     5
  Use: Scroll            ||     3

Vault maps used:
D:1:      zelgadis_glass_entry_small, minmay_misc_feat_x
D:2:      overflow_temple_1_default, fountainhead

Notes
Turn   | Place    | Note
--------------------------------------------------------------
     0 | D:1      | Bloax, the Gargoyle Skald, began the quest for the Orb.
     0 | D:1      | Reached XP level 1. HP: 12/12 MP: 3/3
    58 | D:1      | HP: 3/12 [ball python (1)]
    59 | D:1      | Reached skill level 1 in Unarmed Combat
    59 | D:1      | Reached XP level 2. HP: 4/16 MP: 1/5
    67 | D:1      | Learned a level 2 spell: Shroud of Golubria
   199 | D:2      | HP: 2/16 [adder (3)]
   206 | D:2      | Slain by an adder

Vanquished Creatures
  An adder (D:2)
  A giant gecko (D:1)
  3 goblins
  A hobgoblin (D:1)
  A ball python (D:1)
  A giant newt (D:1)
  A rat (D:1)
9 creatures vanquished.
